[Event "*** Titled Tuesday 3|2 Blitz (Early)"]
[Site "Chess.com"]
[Date "2017.01.03"]
[Round "1"]
[White "pastouche06"]
[Black "platy3"]
[Result "0-1"]
[WhiteElo "2347"]
[BlackElo "2641"]
[TimeControl "180+2"]
[EndTime "11:09:23 PST"]
[Termination "platy3 won by resignation"]

1. d4 Nf6 2. c4 e6 3. Nc3 Bb4 4.
e3 O-O 5. Bd3 d5 6. Nf3 b6 7. a3 Bxc3+ 8. bxc3 dxc4 9. Bxc4 Bb7 10. O-O Nbd7 11. Qe2 c5 12. Bb2 Qc7 13. Rfd1 Rac8 14.
Rac1 Rfd8 15. Ba6 c4 16. Bb5 a6 17. Ba4 Be4 18. Bc2 b5 19. Ne1 Nb6 20. Bxe4 Nxe4 21. f3 Nd6 22. e4 Na4 23. Rc2 f5 24. Bc1 fxe4 25. fxe4 Qb7 26. e5 Nf5 27. Nf3 a5 28. Bg5 Rd7 29. Rf1 Rf8 30. Nh4 Rdf7 31. Nxf5 Rxf5 32. Rxf5 Rxf5 33. Bd8 Qa8 34. Bc7 Rf7 35. Bd6 Rf5 36. Qg4 Qe8 37. Qe4 h5 38. h3 Qf7 39. Kh2 Rf1 40. Qe3 Qf5 41. Re2 h4 42. d5 Nxc3 43. Qxc3 Qf4+ 44. g3 hxg3+ 45. Qxg3 Rh1+ 46.
Kxh1 Qxg3 47. Rg2 Qxh3+ 48. Kg1 exd5 49. Bc5 c3 50. e6 Qxe6 51. Bd4 Qe1+ 52. Kh2 Qh4+ 0-1

[Event "*** Titled Tuesday 3|2 Blitz (Early)"]
[Site "Chess.com"]
[Date "2017.01.03"]
[Round "1"]
[White "Marreuh"]
[Black "Divertissement"]
[Result "0-1"]
[WhiteElo "2108"]
[BlackElo "2444"]
[TimeControl "180+2"]
[EndTime "11:09:28 PST"]
[Termination "Divertissement won by resignation"]

1. e4 c5 2. c3 Nf6 3. e5 Nd5 4.
d4 cxd4 5. cxd4 e6 6. Nc3 Nxc3 7.
bxc3 d6 8. f4 Bd7 9. Nf3 Bc6 10.
Bd3 Nd7 11. O-O Be7 12. f5 exf5 13. Bxf5 dxe5 14. dxe5 Nc5 15. Qe2 O-O 16. Nd4 Qd5 17. Rf3 g6 18. Rh3 Ne6 19. Nxc6 bxc6 20. Bc2 Bg5 21. Bb3 Qc5+ 22. Be3 Bxe3+ 23. Rxe3 Rad8 24. Re1 a5 25. Qc4 Qxc4 26. Bxc4 Rd2 27. R1e2 Rfd8 28. Kf2 Nf4 29. Rxd2 Rxd2+ 30. Kf3 Nd5 31. Bxd5 cxd5 32. e6 fxe6 33. Rxe6 Rd3+ 34. Ke2 Rxc3 35. Re5 Rc2+ 36. Kf3 Rd2 37. h4 Kf7 38. g4 a4 39. h5 a3 40.
hxg6+ hxg6 41. Ke3 Rxa2 42. Rxd5 Rh2 43. Kf3 a2 44. Ra5 Ke6 45. Kf4 Rf2+ 46. Kg5 Rg2 47. Kxg6 Rxg4+ 48. Kh5 Rg2 49. Kh4 Kd6 50. Kh3 Rb2 51. Kg3 Kc6 52. Kf3 Kb6 53. Ra8 Kc5 54. Ke3 Kc4 55. Rc8+ Kb3 56. Rb8+ Kc2 57. Ra8 Kb1 58.
Kd3 0-1

[Event "*** Titled Tuesday 3|2 Blitz (Early)"]
[Site "Chess.com"]
[Date "2017.01.03"]
[Round "1"]
[White "ochukov"]
[Black "Corpescador"]
[Result "0-1"]
[WhiteElo "2074"]
[BlackElo "2436"]
[TimeControl "180+2"]
[EndTime "11:09:28 PST"]
[Termination "Corpescador won by resignation"]

1. Nf3 d5 2. d4 Nf6 3. c4 c6 4. g3 Bf5 5. Bg2 e6 6. O-O Nbd7 7. Qb3 Qb6 8. cxd5 Qxb3 9. axb3 exd5 10. Nc3 Be7 11. Bf4 O-O 12. Rfc1 h6 13. h4 Rfe8 14.
Kf1 Ne4 15. Nxe4 Bxe4 16. Ne5 Bxg2+ 17. Kxg2 Nxe5 18. Bxe5 Bb4 19. e3 h5 20. Rc2 a6 21. Bc7 Re6 22. Bb6 Be7 23. Bc5 Bf6 24. Bb6 Rae8 25. b4 Kh7 26. Kf3 Kg6 27. Ra3 Kf5 28.
Rac3 Be7 29. Ba5 Bd6 30. Rb3 f6 31. Bb6 g5 32. hxg5 fxg5 33. Rc1 g4+ 34. Kg2 Rf8 35. Rh1 Kg6 36. Bc5 Ref6 37. Rf1 R8f7 38. Bxd6 Rxd6 39. Rc3 Rdf6 40. Rc2 Rf3 41. Rh1 Kg5 42. Rd2 Rh7 43. Rc2 Kf5 44. Rcc1 Ke4 45. Rc3 Rhf7 46. Rc2 Rh7 47. Rc3 Kf5 48. Rc2 Kg5 49. Rc3 Rhf7 50. Rcc1 Rxf2+ 51. Kg1 Rxb2 52. Rf1 Rxf1+ 53. Kxf1 Rb1+ 54. Kg2 Rxh1 55. Kxh1 h4 56.
Kg2 h3+ 0-1

[Event "*** Titled Tuesday 3|2 Blitz (Early)"]
[Site "Chess.com"]
[Date "2017.01.03"]
[Round "1"]
[White "ItalianMachine"]
[Black "ChessWarrior7197"]
[Result "0-1"]
[WhiteElo "2237"]
[BlackElo "2504"]
[TimeControl "180+2"]
[EndTime "11:09:29 PST"]
[Termination "ChessWarrior7197 won by checkmate"]

1. e4 e5 2. Nf3 Nc6 3. Bb5 a6 4.
Ba4 Nf6 5. d3 b5 6. Bb3 Be7 7.
O-O O-O 8. c3 d6 9. h3 Nb8 10. Nbd2 Nbd7 11. d4 Bb7 12. Re1 c6 13.
Nf1 a5 14. Ng3 a4 15. Bc2 Re8 16. Nf5 Bf8 17. Bg5 Qc7 18. Qd2 Rad8 19. Rad1 c5 20. d5 g6 21. Nh6+ Kg7 22. Nh4 Be7 23. f4 exf4 24.
Qxf4 c4 25. Rf1 Qc5+ 26. Rf2 Bc8 27. Rf1 a3 28. Kh1 axb2 29. N4f5+ gxf5 30. Nxf5+ Kg8 31. Qg3 Nh5 32. Qg4 Ne5 33. Qxh5 Bxf5 34. Rxf5 Qc7 35. Bh6 Bf8 36. Rg5+ Ng6 37. Rgf5 Bxh6 38. Qxh6 Rf8 39. h4 Qe7 40. h5 Ne5 41. Rf6 b4 42. Qg5+ Kh8 43.
Qf5 Rg8 44. Rh6 Rg7 45. Rf2 b3 46. axb3 cxb3 47. Bb1 Rdg8 48. Kg1 Qh4 49. Qf6 Qg4 50. Kf1 Qd1# 0-1

[Event "*** Titled Tuesday 3|2 Blitz (Early)"]
[Site "Chess.com"]
[Date "2017.01.03"]
[Round "1"]
[White "Th3ChessViking"]
[Black "ABDELAZEEZ-M"]
[Result "1-0"]
[WhiteElo "2417"]
[BlackElo "2035"]
[TimeControl "180+2"]
[EndTime "11:09:32 PST"]
[Termination "Th3ChessViking won by resignation"]

1. d4 Nf6 2. Nf3 g6 3. Bf4 Bg7 4. e3 d5 5. h3 O-O 6. Bd3 c5 7. c3 c4 8. Bc2 b5 9. O-O Bb7 10.
Nbd2 Ne4 11. Nxe4 dxe4 12. Nd2 f5 13. a4 a6 14. axb5 axb5 15. Rxa8 Bxa8 16. b3 Bd5 17.
Qb1 Nc6 18. bxc4 bxc4 19. Qb5 e5 20. Bh2 exd4 21. cxd4 Qa5 22. Ba4 Ra8 23. Nxc4 Qxb5 24. Bxb5 Na7 25. Nb6 Nxb5 26. Nxd5 Ra2 27. Rb1 Nxd4 28. exd4 Bxd4 29. Ne3 Rb2 30. Rxb2 Bxb2 31. Nc4 Bd4 32. Kf1 h5 33. Be5 Bc5 34. Ke2 Kf7 35.
Bc3 Ke6 36. Bd2 Be7 37. Ne3 g5 38. Nc2 f4 39. Nd4+ Ke5 40. Nc6+ Ke6 41. Nxe7 Kxe7 42.
Bc3 Ke6 43. Ba5 Kf5 44. Bd8 g4 45. h4 Ke5 46. Bg5 Kf5 47. g3 fxg3 48. fxg3 Ke5 49. Ke3 Kd5 50. Bf4 1-0

[Event "*** Titled Tuesday 3|2 Blitz (Early)"]
[Site "Chess.com"]
[Date "2017.01.03"]
[Round "1"]
[White "Pierrebl"]
[Black "PowerThinking2650"]
[Result "0-1"]
[WhiteElo "2478"]
[BlackElo "2272"]
[TimeControl "180+2"]
[EndTime "11:09:51 PST"]
[Termination "PowerThinking2650 won on time"]

1. e4 e5 2. Nf3 Nc6 3. Bb5 a6 4.
Ba4 Nf6 5. O-O Be7 6. Re1 b5 7. Bb3 d6 8. c3 O-O 9. h3 Bb7 10. d4 Re8 11. Nbd2 Bf8 12. Bc2 h6 13. Nf1 exd4 14. cxd4 Nb4 15. Ng3 Nxc2 16. Qxc2 d5 17. e5 Ne4 18. Bf4 Rc8 19. Qb3 c5 20. dxc5 Bxc5 21. Re2 g5 22. Be3 Nxg3 23. fxg3 d4 24. Bf2 d3 25. Rd2 Bxf3 26. gxf3 Bxf2+ 27. Kxf2 Qd4+ 28.
Kg2 Rxe5 29. Rad1 Rce8 30. Qxd3 Qxd3 31. Rxd3 Re2+ 32. Kf1 Rxb2 33. R1d2 Rxd2 34. Rxd2 Re3 35. Kf2 Ra3 36. g4 Kg7 37. Kg3 a5 38. Re2 b4 39.
Kf2 Kf6 40. Kg3 Rc3 41. Rd2 Ke5 42. Re2+ Kd4 43. Re7 a4 44. Rxf7 b3 45. axb3 axb3 46. Rb7 Kd3 47. h4 Kc2 48. Re7 b2 49. Re2+ Kb3 50. Re1 Rc1 51. Re8 b1=Q 52. Rb8+ Kc2 53. Rxb1 Rxb1 54. hxg5 hxg5 0-1

[Event "*** Titled Tuesday 3|2 Blitz (Early)"]
[Site "Chess.com"]
[Date "2017.01.03"]
[Round "1"]
[White "chesswooog"]
[Black "GMMelik"]
[Result "1/2-1/2"]
[WhiteElo "2082"]
[BlackElo "2422"]
[TimeControl "180+2"]
[EndTime "11:09:59 PST"]
[Termination "Game drawn by agreement"]

1. e4 c5 2. d4 cxd4 3. c3 dxc3 4. Nxc3 d6 5. Nf3 Nc6 6. Bc4 e6 7. O-O a6 8. Qe2 Nge7 9. Rd1 Ng6 10. Be3 Be7 11.
Rac1 Bd7 12. h4 O-O 13. h5 Nge5 14. Nxe5 Nxe5 15. Bb3 Rc8 16. f4 Nc6 17. g4 Na5 18.
Bc2 Nc4 19. Bb1 Nxe3 20. Qxe3 Qa5 21. Kh2 Qb4 22. Rd2 Qc5 23. Qg3 b5 24. Rg1 b4 25.
Ne2 Bb5 26. Nd4 Bf6 27. Nf3 e5 28. f5 Bd8 29. g5 Bb6 30. g6 fxg6 31. hxg6 h6 32.
Rgg2 Qe3 33. Rxd6 Bd8 34. Nxe5 Qxg3+ 35. Rxg3 Bc7 36. Re6 Rce8 37. Nf7 Bc4 38. Rxe8 Rxe8 39. e5 Bxf7 40. gxf7+ Kxf7 41. Re3 Rxe5 42. Rxe5 Bxe5+ 43. Kh3 Bxb2 44. Bd3 a5 45. Kg4 Kf6 46. Bc4 h5+ 47.
Kxh5 Kxf5 48. Bd3+ Kf4 49. Kg6 Ke3 50. Bb5 Kd4 51. Be8 Kc5 52. Kf5 Bf6 53. Ke4 Kc4 54.
Kf5 Kc3 55. Ke4 Kb2 56. Bf7 a4 57. Kd3 g5 58. Ke4 Be7 59. Kf5 b3 60. axb3 axb3 61.
Kg4 Kc1 62. Bxb3 1/2-1/2

[Event "*** Titled Tuesday 3|2 Blitz (Early)"]
[Site "Chess.com"]
[Date "2017.01.03"]
[Round "1"]
[White "eldur16"]
[Black "amurdercastle"]
[Result "1-0"]
[WhiteElo "2049"]
[BlackElo "2389"]
[TimeControl "180+2"]
[EndTime "11:10:05 PST"]
[Termination "eldur16 won by checkmate"]

1. e4 c6 2. d4 d5 3. e5 Bf5 4. Nf3 e6 5. Be2 Nd7 6. O-O c5 7. Be3 Rc8 8. c3 Bg6 9. Nbd2 Nh6 10.
Bxh6 gxh6 11. a3 Rg8 12. b4 cxd4 13. cxd4 Bc2 14. Qe1 Be7 15. Rc1 Bf5 16. Rxc8 Qxc8 17. Qc1 Qd8 18. Re1 a6 19. Nb3 Be4 20. Qxh6 Bf8 21.
Qe3 Nb6 22. g3 Bf5 23. Nfd2 Be7 24. b5 a5 25. Nxa5 Qb8 26. Rc1 Bg5 27. f4 Be7 28. Qc3 Bd8 29. Ndb3 f6 30. Nc5 fxe5 31. dxe5 Rg7 32.
Kh1 Rc7 33. Qe3 Qc8 34. Naxb7 Rxb7 35. g4 Bg6 36. Nxb7 Qxb7 37. Rc6 Be4+ 38. Kg1 Nd7 39. Rxe6+ Kf7 40. f5 Bb6 41. Rxb6 Qxb6 42. e6+ Ke7 43. Qxb6 Nxb6 44. Kf2 d4 45. Kg3 h6 46. Kf4 Bc2 47.
Bf3 Nc4 48. Bd5 Nb6 49. Bf3 Kf6 50. h4 Ke7 51. g5 hxg5+ 52. hxg5 Nc4 53. Bd5 Nb6 54.
f6+ Kf8 55. e7+ Ke8 56. Bc6+ Nd7 57. b6 d3 58. Ke3 d2 59. Kxd2 Be4 60. Bxe4 Nxb6 61.
Bc6+ Kf7 62. e8=Q# 1-0

[Event "*** Titled Tuesday 3|2 Blitz (Early)"]
[Site "Chess.com"]
[Date "2017.01.03"]
[Round "1"]
[White "IIIlllII1llIl"]
[Black "Fibrinogen"]
[Result "1-0"]
[WhiteElo "2517"]
[BlackElo "2274"]
[TimeControl "180+2"]
[EndTime "11:10:07 PST"]
[Termination "IIIlllII1llIl won by resignation"]

1. e4 e5 2. Nf3 Nc6 3. Bb5 a6 4. Ba4 Nf6 5. O-O Be7 6. Re1 b5 7. Bb3 d6 8. c3 O-O 9. h3 Bb7 10. d4 Nd7 11. Nbd2 exd4 12. cxd4 Bf6 13. Nf1 Na5 14. Bc2 Re8 15. Ng3 g6 16. b3 c5 17.
Bb2 Nc6 18. Rc1 Rc8 19. Qd2 Nxd4 20. Nxd4 Bxd4 21. Bxd4 cxd4 22. Qxd4 Qf6 23. Qd2 Qc3 24.
Qxc3 Rxc3 25. Bb1 Rxc1 26. Rxc1 Nf6 27. Re1 d5 28. e5 Nd7 29. f4 f6 30. e6 Nc5 31. f5 gxf5 32. e7 Bc8 33. Bxf5 Bxf5 34.
Nxf5 Ne4 35. Rc1 Kf7 36. Rc6 Kg6 37. g4 h5 38. Kg2 hxg4 39. hxg4 Kg5 40. Rc7 Rg8 41. Ng7 Nd6 42. Ne6+ Kxg4 43. Nf8 Kf5+ 44. Kf1 Ke5 45. Rd7 Ne8 46. Rd8 Nc7 47. Nd7+ Ke6 48.
Nc5+ Kf7 49. Rd7 Ne6 50. Nxe6 Re8 51. Nc7 Rxe7 52. Rxe7+ Kxe7 53. Nxa6 Kd6 54. Nb4 Kc5 55. Nc2 d4 56. Ke2 f5 57. Kd3 f4 58. Nxd4 Kb4 59.
Nc2+ Ka5 60. Ke4 1-0

[Event "*** Titled Tuesday 3|2 Blitz (Early)"]
[Site "Chess.com"]
[Date "2017.01.03"]
[Round "1"]
[White "Alexander_Moskalenko"]
[Black "lionheart95"]
[Result "1-0"]
[WhiteElo "2672"]
[BlackElo "2373"]
[TimeControl "180+2"]
[EndTime "11:10:17 PST"]
[Termination "Alexander_Moskalenko won by resignation"]

1. e4 e5 2. Nf3 Nc6 3. Nc3 Nf6 4.
d4 exd4 5. Nxd4 Bb4 6. Nxc6 bxc6 7. Bd3 O-O 8. O-O d6 9. Bg5 Rb8 10. f4 Re8 11. a3 Bc5+ 12. Kh1 h6 13. Bh4 Bd4 14. Qd2 c5 15. Rae1 Rxb2 16. e5 Ne4 17. Nxe4 Qxh4 18. exd6 Rf8 19. dxc7 Bb7 20. Nd6 Qf6 21.
Nxb7 Rxb7 22. Qa5 Qd6 23. c8=Q Rxc8 24. Ba6 Bc3 25. Qa4 Bxe1 26. Bxb7 Rb8 27. Qxa7 Bc3 28. Ba6 Qb6 29. Qxb6 Rxb6 30. Bc4 Rb2 31. Rd1 Bd4 32.
Bb3 c4 33. Bxc4 Rxc2 34. Bb5 Rb2 35. Bc4 g6 36. g3 Bc5 37. Rd7 Rb1+ 38. Kg2 Rb2+ 39.
Kh3 g5 40. fxg5 hxg5 41. Rxf7 Rc2 42. Bd5 Kh8 43. Rc7 Rc3 44. a4 Bb4 45. Rxc3 Bxc3 46. Kg4 Bd2 47. Kf5 Kg7 48. Ke6 Bc3 49. Be4 Be1 50.
Bd3 Bd2 51. Bc2 Be1 52. Kd5 Kf6 53. Kc6 Ke5 54. Kb5 Kd6 55. a5 Kc7 56. a6 Kb8 57.
Kc6 Ka7 58. Bd3 Bf2 59. Kd5 Bg1 60.
h4 gxh4 61. gxh4 Be3 62. h5 Bd2 63. Ke6 Kb6 64. Kf7 Ka7 65. Kg6 Kb6 66. h6 Bc3 67. h7 Bd4 68. Kf7 1-0

[Event "*** Titled Tuesday 3|2 Blitz (Early)"]
[Site "Chess.com"]
[Date "2017.01.03"]
[Round "1"]
[White "RamonManon0g"]
[Black "Rsnr"]
[Result "1-0"]
[WhiteElo "2283"]
[BlackElo "2486"]
[TimeControl "180+2"]
[EndTime "11:10:19 PST"]
[Termination "RamonManon0g won by resignation"]

1. d4 d5 2. Bg5 c6 3. Nf3 Bf5 4.
Nbd2 Nd7 5. e3 Ngf6 6. c4 e6 7.
Be2 Be7 8. O-O h6 9. Bh4 O-O 10. a3 a5 11. c5 b6 12. b4 bxc5 13. bxc5 Ne4 14. Bxe7 Qxe7 15. Nxe4 Bxe4 16. Nd2 Bg6 17. f4 f6 18. Bh5 Bh7 19. Qa4 Rfc8 20. Bg4 Bd3 21.
Rf2 Bb5 22. Qc2 f5 23. Bh5 Nf6 24. Bg6 Ng4 25. Rf3 Qh4 26. h3 Nf6 27. Kh2 Be2 28. Rg3 Ng4+ 29. Rxg4 fxg4 30. Nf1 Bxf1 31. Rxf1 g3+ 32. Kg1 Rab8 33. f5 Qg5 34. fxe6 Qxe3+ 35. Kh1 Kh8 36. Bf7 Rc7 37. Qf5 Rcb7 38. Bg6 Rg8 39. Bh7 Rd8 40. Bg6 Rg8 41. Bh7 Rd8 42. Bg6 Rbb8 43. Qf7 Qg5 44. e7 Rg8 45. Qe6 Qd2 46.
e8=Q Rgxe8 47. Bxe8 Qf2 48. Qe1 Qxd4 49. Rf8+ Kh7 50. Bg6+ Kxg6 51. Rxb8 Qf4 52. Rc8 d4 53. Rxc6+ Kh7 54. Qb1+ Kg8 55. Rc8+ Kf7 56. Qb7+ Kg6 57. Qb1+ Kf7 58. c6 d3 59. Rd8 d2 60. c7 Qxc7 61. Rxd2 Qf4 62. Qd1 a4 63. Qf3 1-0

[Event "*** Titled Tuesday 3|2 Blitz (Early)"]
[Site "Chess.com"]
[Date "2017.01.03"]
[Round "1"]
[White "johnathan113"]
[Black "NewBornNow"]
[Result "1/2-1/2"]
[WhiteElo "2307"]
[BlackElo "2569"]
[TimeControl "180+2"]
[EndTime "11:10:29 PST"]
[Termination "Game drawn - insufficient material"]

1. d4 Nf6 2. Nc3 d5 3. Bf4 c6 4. Qd2 Nbd7 5. f3 b5 6. a3 Nb6 7. e4 e6 8. exd5 exd5 9. Bd3 Be7 10. Nge2 O-O 11. g4 a5 12. h4 b4 13. axb4 axb4 14. Na2 Nc4 15. Bxc4 dxc4 16. O-O Nd5 17. Bg3 Bxh4 18.
Bxh4 Qxh4 19. Nxb4 Rxa1 20. Rxa1 Nxb4 21. Qxb4 f5 22.
Qxc4+ Kh8 23. Qc5 Re8 24. Qxc6 Qe7 25. Ra8 Bd7 26. Rxe8+ Qxe8 27. Qd5 fxg4 28. Qe5 gxf3 29. Qxe8+ Bxe8 30. Ng3 g5 31. Ne4 h6 32. Kf2 Bc6 33.
Kxf3 Kg7 34. Ke3 Kg6 35. c4 Kf5 36. d5 Ba4 37. Nc3 Bb3 38. c5 Ke5 39. d6 Ke6 40. Nb5 Kd7 41. c6+ Kxc6 42. Nd4+ Kxd6 43. Nxb3 Kd5 44. Nd2 h5 45. Kf3 Kd4 46. Nf1 Kc4 47. Nd2+ Kd4 48. Kg3 Kd3 49. Nf3 Kc4 50. Nd2+ Kd3 51.
b4 Kd4 52. Kf3 Kd5 53. Ke3 g4 54. Kf4 Kd4 55. Kg3 Kd5 56. Kh4 Kd4 57. Kg3 Kd5 58. Nb3 Kc4 59. Nd2+ Kxb4 60. Ne4 Kc4 61. Nf6 Kd4 62.
Nxh5 Ke4 63. Kxg4 1/2-1/2

[Event "*** Titled Tuesday 3|2 Blitz (Early)"]
[Site "Chess.com"]
[Date "2017.01.03"]
[Round "1"]
[White "IMprovidence"]
[Black "FlySooHigh"]
[Result "1/2-1/2"]
[WhiteElo "2218"]
[BlackElo "2468"]
[TimeControl "180+2"]
[EndTime "11:10:38 PST"]
[Termination "Game drawn by repetition"]

1. d4 Nf6 2. c4 c5 3. d5 b5 4.
cxb5 a6 5. b6 Bb7 6. Nc3 e6 7.
Bg5 Qxb6 8. Bxf6 gxf6 9. e4 Qxb2 10. Nge2 Qb6 11. Rb1 Qc7 12. g3 d6 13. dxe6 fxe6 14. Nf4 Bc8 15. Bc4 d5 16. exd5 Qe5+ 17. Nfe2 exd5 18. Bxd5 Ra7 19. O-O Bh6 20. Re1 Re7 21. Qa4+ Nd7 22. Qc6 Kd8 23. Bg2 Bd2 24. Nd5 Bxe1 25.
Rxe1 Re6 26. Qa4 Qd6 27. Ndf4 Re5 28. Rd1 Qc7 29. Nc3 Ke8 30. Ncd5 Qd6 31. Bf3 Kf8 32.
Kg2 Kg7 33. Ne3 Qc7 34. Nfd5 Qd8 35. Ng4 Re6 36. Nf4 Re7 37. Nh5+ Kf8 38. Nhxf6 Qc7 39. Nd5 Qd6 40. Nxe7 Qxe7 41. Qc4 Qf7 42. Qc3 Rg8 43. Bd5 Qg7 44. Qf3+ Ke7 45. Bxg8 Qxg8 46. Re1+ Kd8 47. Nf6 Qxa2 48. Nxd7 Bxd7 49. Qa8+ Kc7 50. Qa7+ Kc8 51. Qa8+ Kc7 52. Qa7+ Kc6 53. Qa8+ Kc7 54.
Qa7+ Kc6 55. Qa8+ Kc7 56. Qa7+ Kc6 57. Qa8+ Kc7 1/2-1/2

[Event "*** Titled Tuesday 3|2 Blitz (Early)"]
[Site "Chess.com"]
[Date "2017.01.03"]
[Round "1"]
[White "abubakrtagelsir"]
[Black "BillieKimbah"]
[Result "0-1"]
[WhiteElo "2301"]
[BlackElo "2587"]
[TimeControl "180+2"]
[EndTime "11:10:55 PST"]
[Termination "BillieKimbah won by resignation"]

1. e4 c5 2. Nc3 e6 3. f4 d5 4. Nf3 dxe4 5. Nxe4 Nh6 6. g3 Nf5 7. Bg2 Nc6 8. d3 Be7 9. O-O O-O 10. h3 b6 11. c3 Ba6 12. c4 Bb7 13. g4 Nfd4 14.
Nxd4 Qxd4+ 15. Nf2 Rad8 16. Qe2 Qd7 17. Be3 Bf6 18.
Rad1 Nd4 19. Bxd4 Bxd4 20. b3 b5 21. Bxb7 Qxb7 22. Kh2 Rd7 23. Ne4 Rfd8 24. Qf3 bxc4 25. dxc4 f5 26. gxf5 exf5 27. Ng5 Qxf3 28. Rxf3 Re8 29.
Rfd3 Re2+ 30. Kg3 Rde7 31. h4 Rxa2 32. R1d2 Ra1 33. Rd1 Rxd1 34. Rxd1 Re3+ 35. Nf3 Rxb3 36. Rd2 a5 37. Ra2 Bc3 38. Kg2 Kf7 39. Ne5+ Bxe5 40.
fxe5 Re3 41. Rxa5 Rxe5 42. Kf3 Kf6 43. Ra7 Re7 44. Ra6+ Re6 45. Ra5 Rc6 46. Kf4 g6 47. Ra7 h6 48. Ra8 g5+ 49. hxg5+ hxg5+ 50. Kf3 Ke5 51. Rd8 Rd6 52. Rf8 g4+ 53. Ke3 f4+ 54.
Ke2 Ke4 55. Re8+ Kd4 56. Rf8 f3+ 57. Kf2 Kxc4 58. Kg3 Rd4 59. Ra8 Kb4 60. Rb8+ Kc3 61. Kf2 c4 62. Ke3 Rd3+ 63. Kf2 Kc2 64. Ra8 c3 65.
Ra2+ Kb1 66. Ra8 c2 67. Rb8+ Ka2 68. Ra8+ Kb2 69. Rb8+ Rb3 70. Rc8 c1=Q 0-1

[Event "*** Titled Tuesday 3|2 Blitz (Early)"]
[Site "Chess.com"]
[Date "2017.01.03"]
[Round "1"]
[White "Keranke"]
[Black "pedromartinez91"]
[Result "1-0"]
[WhiteElo "2591"]
[BlackElo "2314"]
[TimeControl "180+2"]
[EndTime "11:11:00 PST"]
[Termination "Keranke won by resignation"]

1. d4 d5 2. c4 e6 3. Nf3 Be7 4.
g3 Nf6 5. Bg2 O-O 6. O-O dxc4 7.
Qc2 a6 8. Qxc4 b5 9. Qc2 Bb7 10. Bd2 Be4 11. Qc1 c6 12. e3 Nbd7 13. b4 Nb6 14. a3 Rc8 15. Nc3 Nc4 16. Nxe4 Nxe4 17. Be1 f5 18. Qc2 a5 19. bxa5 Nxa3 20. Qb3 Nc4 21. a6 Ra8 22. Bb4 Rf7 23. Ra2 Bxb4 24. Qxb4 Rfa7 25. Rfa1 Qb6 26. Bf1 Ncd6 27. Qb3 Re8 28.
Ne5 Nf6 29. Rc1 Rxa6 30. Rxc6 Qxc6 31. Nxc6 Rxc6 32. Ra7 Nd5 33. Qa2 b4 34. Kg2 Ne4 35. Rb7 Nec3 36. Qa7 Nf6 37. Rxg7+ Kh8 38. Qf7 Ncd5 39. Bb5 Rc7 40. Bxe8 Rxf7 41. Rxf7 Ne4 42.
Bc6 Nd6 43. Rf8+ Kg7 44. Rb8 Ne7 45. Bf3 Ng6 46. Rxb4 Kf6 47. Rb6 Nc8 48. Ra6 Nce7 49.
d5 Nf8 50. Bd1 Nxd5 51. Bb3 Nc7 52. Rc6 Ne8 53. f4 Ng7 54. Kf3 Ng6 55. e4 fxe4+ 56.
Kxe4 Ne7 57. Rb6 Nef5 58. g4 Ne7 59. Bxe6 Nxe6 60. f5 Kg5 61. Rxe6 Ng8 62. h3 Nh6 63. Rxh6 Kxh6 64. Ke5 Kg7 65. Ke6 Kf8 66. Kf6 Kg8 67. Ke7 h5 68. f6 Kh7 69. f7 h4 70. f8=Q Kg6 71. Qg8+ Kh6 72. Qe6+ Kg5 73. Qf5+ Kh6 74. Ke6 Kg7 75. Qg5+ Kh7 76. Kf7 1-0

[Event "*** Titled Tuesday 3|2 Blitz (Early)"]
[Site "Chess.com"]
[Date "2017.01.03"]
[Round "1"]
[White "fastestmindalive"]
[Black "filali-oujda"]
[Result "0-1"]
[WhiteElo "2458"]
[BlackElo "2228"]
[TimeControl "180+2"]
[EndTime "11:11:09 PST"]
[Termination "filali-oujda won by resignation"]

1. e4 c6 2. Nc3 d5 3. Nf3 dxe4 4.
Nxe4 Nf6 5. Qe2 Nxe4 6. Qxe4 Nd7 7. b3 Nf6 8. Qf4 g6 9. Bb2 Bg7 10. d4 O-O 11. Bd3 c5 12. O-O-O cxd4 13. h4 Qa5 14. Kb1 Nd5 15. Qg5 h6 16. b4 Qxa2+ 17. Kxa2 hxg5 18. hxg5 Nxb4+ 19. Ka3 Nxd3 20. Rxd3 e5 21. Re1 Bf5 22. Rb3 Rfe8 23. Rxb7 Bxc2 24. Nd2 Reb8 25. Rc7 Rc8 26.
Rb7 a5 27. Ka2 a4 28. Ba3 Bb3+ 29. Kb1 Bd5 30. Rb2 Bxg2 31. f3 Bh3 32. Ne4 Bf5 33. Rh2 Rc3 34. Be7 Rxf3 35. Ka1 Bxe4 36. Rxe4 d3 37. Ka2 Rc8 38. Kb1 Rf1+ 39. Kb2 Rfc1 40. Ka3 R1c2 41. Rh1 d2 42. Rd1 R8c4 43. Rxc4 Rxc4 44.
Rxd2 Rd4 45. Rc2 e4 46. Rc8+ Kh7 47. Re8 e3 48. Bf6 Bxf6 49. gxf6 Rd3+ 50. Kxa4 g5 51. Kb4 Kg6 52. Kc4 Ra3 53. Kd4 Kxf6 54. Ke4 Kg6 55. Kf3 f5 56. Re6+ Kh5 57. Re5 f4 58. Re8 Ra6 59.
Rh8+ Rh6 60. Ra8 Kh4 61. Ra1 Kh5 62. Ra8 Re6 63. Rh8+ Kg6 64. Ke2 Kf5 65. Rf8+ Kg4 66.
Rf7 Kg3 67. Rf8 g4 68. Ra8 Kg2 69. Rg8 g3 70. Rf8 Re4 71. Rf5 Kg1 72. Kf3 e2 73.
Kxe4 e1=Q+ 74. Kd5 f3 75. Rxf3 Qd1+ 76. Rd3 Qxd3+ 0-1

[Event "*** Titled Tuesday 3|2 Blitz (Early)"]
[Site "Chess.com"]
[Date "2017.01.03"]
[Round "1"]
[White "GMNeiksans"]
[Black "evgenyermolaev"]
[Result "1-0"]
[WhiteElo "2672"]
[BlackElo "2382"]
[TimeControl "180+2"]
[EndTime "11:11:12 PST"]
[Termination "GMNeiksans won by checkmate"]

1. e4 c5 2. Nf3 d6 3. Bb5+ Nd7 4.
c4 Nf6 5. Nc3 a6 6. Bxd7+ Bxd7 7. d4 cxd4 8. Qxd4 e6 9. O-O Be7 10. Qd3 O-O 11. Bf4 Bc6 12. Rfd1 Qa5 13. Nd4 Rfd8 14.
Nxc6 bxc6 15. Rac1 Qh5 16. Qf3 Qxf3 17. gxf3 e5 18. Be3 Ne8 19. f4 Nc7 20. Rd2 g6 21. Bb6 Rac8 22. Rcd1 exf4 23. c5 dxc5 24. Rxd8+ Bxd8 25.
Rxd8+ Rxd8 26. Bxc7 Rd2 27. Bxf4 Rxb2 28. Be5 Kf8 29. Bf6 Rc2 30. Kf1 Ke8 31. Ke1 Kd7 32. Na4 Ke6 33. Bc3 Rxa2 34. Nxc5+ Ke7 35. Bd4 a5 36. Kd1 a4 37. Kc1 a3 38. Kb1 Rd2 39. Be3 Rd1+ 40. Ka2 Rh1 41. Bf4 Rf1 42. Bg3 Rc1 43.
Nb3 Rc4 44. f3 Rc3 45. f4 Re3 46. e5 Ke6 47. Kxa3 Kf5 48. Kb4 Kg4 49. Nd4 h5 50.
Nxc6 h4 51. Bf2 Re4+ 52. Kc5 Rxf4 53. Bd4 Kh3 54. e6 fxe6 55. Be5 Re4 56. Kd6 g5 57.
Kxe6 g4 58. Kf5 Re2 59. Nd4 Rf2+ 60. Kg5 Rd2 61. Ne6 Re2 62. Nf4+ Kxh2 63. Nxe2+ Kh3 64. Kf4 g3 65. Kf3 Kh2 66. Bf6 g2 67. Bd4 h3 68.
Bg1+ Kh1 69. Kf2 h2 70. Ng3# 1-0

[Event "*** Titled Tuesday 3|2 Blitz (Early)"]
[Site "Chess.com"]
[Date "2017.01.03"]
[Round "1"]
[White "MFBerna"]
[Black "superjem123"]
[Result "0-1"]
[WhiteElo "2187"]
[BlackElo "2475"]
[TimeControl "180+2"]
[EndTime "11:11:14 PST"]
[Termination "superjem123 won by resignation"]

1. e4 e5 2. Nf3 Nc6 3. Bb5 Nf6 4.
O-O Nxe4 5. d4 Nd6 6. Bxc6 dxc6 7. dxe5 Nf5 8. Qxd8+ Kxd8 9. h3 Bd7 10. g4 Ne7 11. Nc3 h6 12. Rd1 Kc8 13. Ne4 Ng6 14. Be3 b6 15.
Rd3 Be7 16. Rad1 Be8 17. Nd4 Nxe5 18. R3d2 g6 19. Re2 c5 20. Nb3 Bb5 21. Red2 Nf3+ 22. Kg2 Nxd2 23. Nbxd2 Bc6 24. f3 Kb7 25. Re1 Bxe4 26.
Nxe4 h5 27. g5 Rhe8 28. f4 Kc6 29. Kf3 Rad8 30. b3 a5 31. a4 Rd5 32. Nc3 Rf5 33. Bf2 Kd7 34. Ne4 Bd6 35. Bg3 Kc6 36. Rd1 Re6 37. c4 Re8 38. Re1 h4 39. Bh2 Re6 40.
Rd1 Re7 41. Re1 Rd7 42. Nf6 Rd8 43. Kg4 Kb7 44. Re4 c6 45. Kxh4 b5 46. Kg4 bxa4 47. bxa4 Kc7 48. h4 Rh8 49. Ne8+ Kd7 50. Ng7 Rd5 51.
cxd5 cxd5 52. Re2 d4 53. f5 d3 54. Rd2 c4 55. Bxd6 Kxd6 56. fxg6 fxg6 57. h5 gxh5+ 58. Nxh5 Ke5 59. Nf6 Rh1 60. Kf3 Kd4 61. Ne4 c3 62. Nxc3 Kxc3 63. Rg2 d2 64. Rxd2 Kxd2 65.
Ke4 Rg1 66. Kd4 Rxg5 0-1

[Event "*** Titled Tuesday 3|2 Blitz (Early)"]
[Site "Chess.com"]
[Date "2017.01.03"]
[Round "1"]
[White "FastChance"]
[Black "ajkom197"]
[Result "0-1"]
[WhiteElo "2495"]
[BlackElo "2296"]
[TimeControl "180+2"]
[EndTime "11:11:22 PST"]
[Termination "ajkom197 won by checkmate"]

1. d4 c6 2. Bf4 d5 3. e3 Nf6 4.
Nf3 Bf5 5. Be2 e6 6. Nbd2 Bd6 7. Bg3 O-O 8. O-O Re8 9. Bd3 Bxd3 10. cxd3 Bxg3 11. hxg3 Nbd7 12. Rc1 e5 13. dxe5 Nxe5 14. Nxe5 Rxe5 15. d4 Re8 16. b4 a6 17. a4 Ne4 18.
Nb3 Qg5 19. Nc5 Nxc5 20. bxc5 Rad8 21. Rb1 Rd7 22. Rb3 h5 23. Qc2 Re6 24. Rfb1 Rg6 25. Qe2 h4 26. g4 Re7 27. Rxb7 Re4 28. f4 Qxg4 29. Qxg4 Rxg4 30. Kf2 Rg3 31. R1b3 g5 32. fxg5 Reg4 33. Rc7 Rxg2+ 34. Kf3 R4g3+ 35. Kf4 Rg4+ 36. Kf3 R4g3+ 37. Kf4 Rf2+ 38. Ke5 h3 39. Rb1 h2 40. Rh1 Rxg5+ 41. Kd6 Rg1 42. Rxh2 Rxh2 43. Kxc6 Re1 44. Re7 f5 45. Re5 Kg7 46. Kxd5 Kf6 47. Kd6 Rhe2 48. Re6+ Kf7 49. Re7+ Kf6 50. c6 Rxe3 51. c7 Re6+ 52. Rxe6+ Rxe6+ 53. Kc5 Re8 54. Kc6 f4 55. d5 f3 56. d6 f2 57. d7 Re6+ 58. Kb7 f1=Q 59. d8=Q+ Re7 60. Qd4+ Kf7 61. Qd5+ Kf6 62. Qd6+ Kf7 63.
Kb8 Qb1+ 64. Ka8 Qc2 65. Qd5+ Kf8 66. Qf3+ Ke8 67. Qh5+ Kd7 68. Qg4+ Kxc7 69. Qf4+ Kd7 70. Qf5+ Qxf5 71. Ka7 Qc5+ 72. Kxa6 Re6+ 73. Kb7 Qb6+ 74. Ka8 Re8# 0-1